 Dungeon Sprint DCSS version 0.30-a0-737-gf23d94013f (webtiles) character file.

Game seed: 18076707566949968914

294 sircluck the Shield-Bearer (level 6, -1/68 HPs)
             Began as a Troll Fighter on Feb 2, 2023.
             Slain by Sonja
             ... wielding a +0 short sword of distortion
              (3 damage)
             ... in the Dungeon (Sprint I: "Red Sonja").
             The game lasted 00:00:57 (92 turns).

sircluck the Shield-Bearer (Troll Fighter)            Turns: 92, Time: 00:00:58

Health: -1/68      AC:  5    Str: 27    XL:     6   Next: 11%
Magic:  5/5        EV: 10    Int:  4    God:
Gold:   123        SH:  9    Dex:  9    Spells: 5/5 levels left

rFire   . . .      SeeInvis .      - Unarmed
rCold   + . .      Faith    .    b - +0 kite shield
rNeg    . . .      Spirit   .    k - +1 robe {rC+}
rPois   .          Reflect  .    (helmet restricted)
rElec   .          Harm     .    (no cloak)
rCorr   .          Rampage  .    (gloves unavailable)
Will    .....      NoTele   +    (boots unavailable)
Stlth   +                        (no amulet)
HPRegen 1.11/turn                (no ring)
MPRegen 0.09/turn                (no ring)

@: mighty
A: large, unfitting armour, claws 3, regeneration 1, shaggy fur 1, tough skin 1
a: no special abilities


You were in the Dungeon.
You visited 1 branch You collected 123 gold pieces.

Inventory:

Armour
 a - a +0 robe
 b - a +0 kite shield (worn)
 k - a +1 robe of cold resistance (worn)
Scrolls
 i - a scroll of blinking
Potions
 d - a potion of curing
 f - a potion of haste
 g - 2 potions of magic
 h - a potion of berserk rage
 j - a potion of ambrosia {unknown}
 l - a potion of lignification {unknown}


   Skills:
 + Level 6.3 Fighting
 + Level 6.1 Dodging
 + Level 6.8 Shields
 + Level 5.1 Unarmed Combat


You had 5 spell levels left.
You didn't know any spells.
Your spell library was empty.

Dungeon Overview and Level Annotations

Branches:
Dungeon (1/1)

Altars:
Sif Muna
Vehumet
Wu Jian

Annotations:
D Sonja


Innate Abilities, Weirdness & Mutations

You are too large for most types of armour.
You have claws for hands.
Your natural rate of healing is unusually fast.
You are covered in fur. (AC +1)
You have tough skin. (AC +1)


Message History

Sonja hits you with a +0 short sword of distortion.
Space warps around you. Sonja hits you but does no damage.
Space warps around you.
You miss Sonja.
Sonja hits you with a +0 short sword of distortion.
Sonja barely misses you.
Sonja hits you with a +0 short sword of distortion.
Space warps horribly around you!
You miss Sonja.
Sonja gestures wildly while chanting.
Sonja blinks!
You block Sonja's attack. x2
Sonja hits you with a +0 short sword of distortion.
Space warps around you.
You barely miss Sonja. You block Sonja's attack.
Sonja hits you with a +0 short sword of distortion.
Space warps around you. You block Sonja's attack.
You miss Sonja.
Sonja bows elegantly.
Sonja closely misses you.
Sonja hits you with a +0 short sword of distortion.
Sonja hits you but does no damage. Space warps horribly around you!
* * * LOW HITPOINT WARNING * * *
Sonja barely misses you. x3
You feel much better. Sonja hits you but does no damage.
Space warps around you. Sonja closely misses you. Sonja barely misses you.
You feel very mighty all of a sudden.
Sonja hits you with a +0 short sword of distortion.
Space warps horribly around you!
* * * LOW HITPOINT WARNING * * *
You block Sonja's attack.
Sonja hits you with a +0 short sword of distortion.
* * * LOW HITPOINT WARNING * * *
You block Sonja's attack.
Sonja hits you with a +0 short sword of distortion.
* * * LOW HITPOINT WARNING * * *
Space warps around you.
* * * LOW HITPOINT WARNING * * *
Sonja hits you with a +0 short sword of distortion.
You die...

#..').#..').#..+
#..#####+#####'#
#..# #)# #..#
##.# #..# #+#_.+
#⌠⌠# +..._# ####
#_.#'# ##'#.#
#@###


+$K$+ #$.$# ##.## #+# You could see Sonja.

Vanquished Creatures
  Sigmund (D)
  An ogre (D)
  A jelly (D)
  Ijyb (D)
4 creatures vanquished.

Notes
Turn   | Place    | Note
-------+----------+-------------------------------------------
     0 | D        | sircluck the Troll Fighter began the quest for the Orb.
     0 | D        | Reached XP level 1. HP: 22/22 MP: 0/0
     2 | D        | Noticed Ijyb
     9 | D        | Killed Ijyb
    10 | D        | Reached XP level 2. HP: 22/31 MP: 1/1
    14 | D        | Noticed an ogre
    17 | D        | Killed an ogre
    18 | D        | Reached skill level 5 in Shields
    18 | D        | Reached XP level 3. HP: 29/41 MP: 2/2
    18 | D        | Reached XP level 4. HP: 35/49 MP: 3/3
    22 | D        | Noticed Sigmund
    29 | D        | Killed Sigmund
    30 | D        | Reached XP level 5. HP: 47/59 MP: 4/4
    58 | D        | Found an ornate altar of the Wu Jian Council.
    58 | D        | Found a shimmering blue altar of Sif Muna.
    60 | D        | Found a radiant altar of Vehumet.
    65 | D        | Reached skill level 5 in Unarmed Combat
    65 | D        | Reached XP level 6. HP: 66/68 MP: 5/5
    83 | D        | Noticed Sonja
    92 | D        | HP: 2/68 [Sonja/+0 short sword of distortion (2)]
    92 | D        | Slain by Sonja

Illustrated notes

Levels and vault maps discovered:
D:        dungeon_sprint_1 [red_sonja_temple_1, red_sonja_temple_small_1]

Skill      XL: |  1  2  3  4  5 |
---------------+----------------+-----
Fighting       | 3 4 6 |  6.3
Dodging        | 3 4 6 |  6.1
Shields        | 3 5 6 |  6.8
Unarmed Combat | 3 4 5 |  5.1

Action                     |  1- 3 |  4- 6 || total
---------------------------+-------+-------++-------
  Melee: Unarmed           |     8 |    14 ||    22
  Evoke: Wand              |     1 |       ||     1
    Use: Potion            |       |     2 ||     2
 Armour: Robe              |       |     4 ||     4
  Dodge: Dodged            |       |     9 ||     9
  Block: Kite shield       |     3 |     8 ||    11

Table legend: (Time is in decaauts)
 A = Elapsed time spent in this place.
 B = Non-inter-level travel time spent in this place.
 C = Inter-level travel time spent in this place.
 D = Time resting spent in this place.
 E = Time spent auto-exploring this place.
 F = Levels seen in this place.
 G = Mean time per level.
                   A        B        C        D        E       F      G
               +--------+--------+--------+--------+--------+-----+--------+
         Total |     93 |     93 |      0 |      0 |      0 |   1 |   93.0 |
       Dungeon |     93 |     93 |      0 |      0 |      0 |   1 |   93.0 |
               +--------+--------+--------+--------+--------+-----+--------+

Top non-repeatable levels by time:
       D: 93 daAuts
